 Dungeon Crawl Stone Soup version 0.31.0-11-ge490571c62 (webtiles) character file.

Game seed: 18307796891704461684

27079 CougarLife the Severer (level 13, -3/116 HPs)
             Began as a Minotaur Berserker on Jan 30, 2024.
             Was a High Priest of Trog.
             Killed from afar by an electric eel (12 damage)
             ... with a bolt of electricity
             ... on level 2 of the Lair of Beasts.
             The game lasted 00:22:42 (13354 turns).

CougarLife the Severer (Minotaur Berserker)        Turns: 13354, Time: 00:22:43

Health: -3/116     AC: 16    Str: 25    XL:     13   Next: 2%
Magic:  12/12      EV: 10    Int:  6    God:    Trog [*****.]
Gold:   732        SH: 15    Dex: 10    Spells: 12/12 levels left

rFire   . . .        H - +0 war axe (flame)
rCold   . . .        B - +0 kite shield
rNeg    . . .        p - +1 chain mail {Will+}
rPois   .            a - +0 hat {Will+}
rElec   .            F - +0 cloak
rCorr   .            (no gloves)
SInv    +            i - +0 pair of boots
Will    ++++.        E - amulet of reflection Stlth
                     e - ring of see invisible
HPRegen 1.39/turn    (no ring)
MPRegen 0.13/turn

%: reflection
@: strong-willed (expiring), regenerating (expiring)
A: horns 2, retaliatory headbutt, teleportitis 1, wild magic 1, MP-powered wands
a: Renounce Religion, Berserk, Trog's Hand, Brothers in Arms


You were on level 2 of the Lair of Beasts.
You worshipped Trog.
Trog was extremely pleased with you.
You visited 2 branches of the dungeon, and saw 14 of its levels.

You collected 732 gold pieces.

Inventory:

Hand Weapons
 H - a +0 war axe of flaming (weapon)
Missiles
 C - 6 curare-tipped darts (quivered)
 K - 3 throwing nets
Armour
 a - a +0 hat of willpower (worn)
 i - a +0 pair of boots (worn)
 p - a +1 chain mail of willpower (worn)
 B - a +0 kite shield (worn)
 F - a +0 cloak (worn)
 I - a +2 plate armour
Jewellery
 c - a ring of ice
 e - a ring of see invisible (left hand)
 E - an amulet of reflection (around neck)
Wands
 d - a wand of flame (9)
 u - a wand of iceblast (17)
 D - a wand of quicksilver (30)
 N - a wand of digging (1)
Scrolls
 f - 3 scrolls of revelation
 h - 8 scrolls of teleportation
 j - 4 scrolls of fog
 k - 3 scrolls of noise
 l - a scroll of torment
 m - 4 scrolls of poison
 n - a scroll of silence
 o - a scroll of immolation
 v - a scroll of blinking {unknown}
 y - a scroll of brand weapon {unknown}
 z - a scroll of fear {unknown}
 J - a scroll of vulnerability {unknown}
 O - a scroll of acquirement {unknown}
Potions
 b - 4 potions of lignification
 g - a potion of heal wounds
 q - a potion of invisibility {unknown}
 r - a potion of brilliance {unknown}
 s - 6 potions of curing
 t - a potion of attraction {unknown}
 w - a potion of enlightenment {unknown}
 x - 2 potions of resistance
 A - a potion of haste {unknown}
 G - 2 potions of ambrosia {unknown}
 L - 3 potions of might
 M - a potion of magic {unknown}


   Skills:
 + Level 11.4 Fighting
 - Level 16.0 Axes
 - Level 7.0 Throwing
 * Level 11.4 Armour
 - Level 7.3 Dodging
 - Level 9.5 Shields


You had 12 spell levels left.
You didn't know any spells.
Your spell library was empty.

Dungeon Overview and Level Annotations

Branches:
Dungeon (12/15)            Temple (0/1) D:4            Lair (2/5) D:9
 Spider (0/4) Lair:2          Orc (0/2) D:11
  Swamp: Lair:2-3    Shoals: Lair:2-3

Altars:
Cheibriados
Dithmenos
Elyvilon
Hepliaklqana
Nemelex Xobeh
Sif Muna
Trog
Uskayaw
Vehumet
Wu Jian
Yredelemnul
Zin

Shops:
D:10 [

Portals:
Trove: D:10 (give 2 scrolls of acquirement)

Annotations:
D:10 1 transporter


Innate Abilities, Weirdness & Mutations

You have a pair of horns on your head.
You reflexively headbutt those who attack you in melee.
You are occasionally teleported next to monsters.
Your spells are a little harder to cast, but a little more powerful.
You expend magic power (3 MP) to strengthen your wands.


Message History

The electric eel shoots out a bolt of lightning at you!
The bolt of electricity hits you.
You hit the electric eel. You burn the electric eel.
The electric eel is lightly wounded.
You miss the electric eel. You barely miss the electric eel.
Your headbutt misses the electric eel.
The electric eel is lightly wounded.
You miss the electric eel.
You feel the effects of Trog's Hand fading.
The electric eel shoots out a bolt of lightning at you!
The bolt of electricity hits you.
The electric eel shoots out a bolt of lightning at you!
The bolt of electricity hits you!
You completely miss the electric eel. You slash the electric eel!
You burn the electric eel.
You kill the electric eel!
Trog accepts your kill.
You hear a splash.
The electric eel shoots out a bolt of lightning at you!
The bolt of electricity hits you.
You miss the electric eel. You headbutt the electric eel!
The electric eel is heavily wounded.
You hit the electric eel but do no damage.
You headbutt the electric eel.
The electric eel is severely wounded.
The electric eel shoots out a bolt of lightning at you!
The bolt of electricity hits you!
* * * LOW HITPOINT WARNING * * *
The electric eel shoots out a bolt of lightning at you!
The bolt of electricity hits you!
* * * LOW HITPOINT WARNING * * *
The electric eel shoots out a bolt of lightning at you!
The bolt of electricity hits you.
* * * LOW HITPOINT WARNING * * *
The electric eel shoots out a bolt of lightning at you!
The bolt of electricity hits you.
* * * LOW HITPOINT WARNING * * *
The electric eel shoots out a bolt of lightning at you!
The bolt of electricity hits you!
You die...

#.# ....≈[.≈≈≈.)....
##. ....≈.>..≈~...... #
##....≈≈≈.≈≈≈......## .
#.......≈l≈≈.......P# .
## #.......S≈S........#
###.
#..................# .
... .................#
##.. #............$...#
#..###...P.....@...#.##
#...##......#........#
##..##...##.......##..#
#...........##.##.# ##
##.............##.#
#.................##
##.................#
#................P#
#.................#


You could see a basilisk and 2 electric eels.

Vanquished Creatures
  Gastronok (D:10)
  Fannar (D:11)
  Harold (D:9)
  A two-headed ogre (D:8)
  2 boulder beetles (D:11)
  Erica (D:8)
  Pikel (D:5)
  The ghost of VoidStrider the Zephyrmancer, a novice TeAE of Vehumet (D:5)
  An ugly thing (D:11)
  Maurice (D:8)
  A black mamba (Lair:1)
  A rust devil (D:10)
  A torpor snail (Lair:1)
  9 cane toads
  A gargoyle (D:8)
  Maggie (D:8)
  Jeremiah (D:9)
  An unseen horror (D:11)
  3 komodo dragons
  An ice devil (D:10)
  2 trolls
  A hellwing (D:10)
  A polar bear (Lair:2)
  2 hornets
  6 blink frogs (Lair:1)
  4 dream sheep (Lair:1)
  A shadow (D:11)
  Eustachio (D:6)
  7 wyverns
  A wraith (D:10)
  24 yaks
  A basilisk (Lair:2)
  2 neqoxecs (D:10)
  2 steam dragons
  A chaos spawn (D:10)
  6 water moccasins
  2 acid dragons (D:10)
  Duvessa (D:5)
  4 ice beasts
  4 orc warriors
  A swamp drake (D:11)
  3 sky beasts
  2 black bears
  10 centaurs
  3 phantoms
  8 bullfrogs
  2 gnoll sergeants (D:8)
  2 scorpions
  11 wights
  Dowan (D:5)
  16 killer bees
  2 electric eels (Lair:2)
  A jelly (D:8)
  2 hounds
  3 orc priests
  A gnoll bouda (D:10)
  3 sleepcaps
  Jessica (D:2)
  An iguana (D:5)
  7 orc wizards
  6 hell rats (Lair:1)
  14 gnolls
  6 adders
  A shadow imp (D:6)
  A dart slug (D:5)
  3 ribbon worms
  40 orcs
  8 endoplasms
  5 giant cockroaches (D:4)
  11 goblins
  8 hobgoblins
  3 quokkas
  7 ball pythons
  4 bats
  4 frilled lizards
  9 kobolds
  5 rats
319 creatures vanquished.

Vanquished Creatures (others)
  An orc wizard (D:10)
  An adder (D:5)
  An orc (D:11)
  A rat (D:5)
4 creatures vanquished.

Grand Total: 323 creatures vanquished

Notes
Turn   | Place    | Note
-------+----------+-------------------------------------------
     0 | D:1      | CougarLife the Minotaur Berserker began the quest for the
                  | Orb.
     0 | D:1      | Reached XP level 1. HP: 19/19 MP: 0/0
   159 | D:1      | Reached skill level 4 in Axes
   212 | D:1      | Reached XP level 2. HP: 27/27 MP: 1/1
   997 | D:2      | Reached XP level 3. HP: 33/33 MP: 2/2
  1008 | D:2      | Found a hazy altar of Hepliaklqana.
  1008 | D:2      | Noticed Jessica
  1011 | D:2      | Killed Jessica
  1011 | D:2      | Reached ** piety under Trog
  1012 | D:2      | Reached skill level 5 in Axes
  1150 | D:2      | Reached XP level 4. HP: 41/41 MP: 3/3
  1694 | D:3      | Noticed a sky beast
  1705 | D:3      | Killed a sky beast
  1706 | D:3      | Reached skill level 5 in Fighting
  1706 | D:3      | Reached skill level 6 in Axes
  1706 | D:3      | Reached XP level 5. HP: 12/48 MP: 4/4
  2087 | D:3      | Found a bloodstained altar of Trog.
  2092 | D:3      | Found a shimmering blue altar of Sif Muna.
  2318 | D:4      | Found a staircase to the Ecumenical Temple.
  2512 | D:4      | Reached skill level 7 in Axes
  2512 | D:4      | Reached XP level 6. HP: 38/57 MP: 5/5
  2606 | D:4      | Found an ornate altar of the Wu Jian Council.
  2727 | D:4      | Reached *** piety under Trog
  2820 | D:4      | Noticed a spectral centipede
  2820 | D:4      | Noticed a spectral black mamba
  2820 | D:4      | Noticed a spectral cane toad
  3011 | D:5      | Entered Level 5 of the Dungeon
  3017 | D:5      | Noticed an ice beast
  3025 | D:5      | Killed an ice beast
  3026 | D:5      | Reached skill level 8 in Axes
  3181 | D:5      | Found a runed translucent door.
  3187 | D:5      | Noticed VoidStrider's ghost (novice TeAE)
  3231 | D:5      | Reached XP level 7. HP: 64/64 MP: 6/6
  3241 | D:5      | Noticed Pikel
  3257 | D:5      | Killed Pikel
  3258 | D:5      | Reached skill level 9 in Axes
  3258 | D:5      | Reached XP level 8. HP: 73/73 MP: 7/7
  3340 | D:5      | Reached skill level 10 in Axes
  3527 | D:5      | Found a shadowy altar of Dithmenos.
  3534 | D:5      | Noticed Dowan
  3535 | D:5      | Noticed Duvessa
  3543 | D:5      | Killed Dowan
  3547 | D:5      | Killed Duvessa
  3712 | D:5      | Found a runed translucent door.
  3977 | D:5      | Killed VoidStrider's ghost
  4042 | D:6      | Noticed Eustachio
  4075 | D:6      | Killed Eustachio
  4076 | D:6      | Reached XP level 9. HP: 73/83 MP: 8/8
  4470 | D:6      | Found a white marble altar of Elyvilon.
  5465 | D:7      | Reached skill level 10 in Armour
  5654 | D:7      | Identified the +3 ring mail of the Great Game {*Corrode rF-
                  | Str+2 Int+8}
  6035 | D:7      | Reached **** piety under Trog
  6138 | D:8      | Noticed Erica
  6148 | D:8      | Killed Erica
  6149 | D:8      | Reached XP level 10. HP: 81/91 MP: 9/9
  6284 | D:8      | Noticed Maggie
  6300 | D:8      | Killed Maggie
  6555 | D:8      | Noticed a +0 dagger
  6555 | D:8      | Noticed a +0 short sword
  6556 | D:8      | Noticed a +0 spear
  6557 | D:8      | Noticed a +0 short sword
  6557 | D:8      | Noticed a +0 dagger
  6559 | D:8      | Noticed a +0 falchion
  6560 | D:8      | Noticed a +0 falchion
  6614 | D:8      | Noticed a +0 spear
  6616 | D:8      | Found a hide-covered altar of Uskayaw.
  6839 | D:8      | Reached skill level 1 in Shields
  6842 | D:8      | Noticed Maurice
  6848 | D:8      | Killed Maurice
  6936 | D:8      | Found a glowing silver altar of Zin.
  7001 | D:8      | Noticed a gargoyle
  7119 | D:8      | Killed a gargoyle
  7120 | D:8      | Reached skill level 11 in Axes
  7179 | D:8      | Noticed a two-headed ogre
  7200 | D:8      | Killed a two-headed ogre
  7201 | D:8      | Reached skill level 5 in Shields
  7488 | D:9      | Reached XP level 11. HP: 97/97 MP: 10/10
  7666 | D:9      | Noticed Jeremiah
  7679 | D:9      | Killed Jeremiah
  7911 | D:9      | Reached skill level 12 in Axes
  8058 | D:9      | Noticed Harold
  8069 | D:9      | Killed Harold
  8275 | D:9      | Found a staircase to the Lair.
  8718 | D:10     | Entered Level 10 of the Dungeon
  8737 | D:10     | Found a basalt altar of Yredelemnul.
  8870 | D:10     | Reached skill level 1 in Throwing
  8979 | D:10     | Found a radiant altar of Vehumet.
  9051 | D:10     | Gained mutation: You are frail. (-10% HP) [a neqoxec]
  9055 | D:10     | Gained mutation: You are dopey. (Int -2) [a neqoxec]
  9210 | D:10     | Found a snail-covered altar of Cheibriados.
  9289 | D:10     | Found a portal to a secret trove of treasure.
  9352 | D:10     | Found a sparkling altar of Nemelex Xobeh.
  9352 | D:10     | Found a transporter.
  9352 | D:10     | Noticed a stone giant
  9353 | D:10     | Noticed a brown ugly thing
  9471 | D:10     | Reached skill level 13 in Axes
  9667 | D:10     | Gained mutation: You occasionally lose the ability to drink
                  | potions when taking damage. [a neqoxec]
  9670 | D:10     | Reached skill level 5 in Throwing
  9832 | D:10     | Lost mutation: You are dopey. (Int -2) [potion of mutation]
  9832 | D:10     | Lost mutation: You occasionally lose the ability to drink
                  | potions when taking damage. [potion of mutation]
  9832 | D:10     | Lost mutation: You are frail. (-10% HP) [potion of
                  | mutation]
  9832 | D:10     | Gained mutation: Your body sometimes deteriorates upon
                  | taking damage. [potion of mutation]
  9832 | D:10     | Gained mutation: Your flesh is heat resistant. (rF+)
                  | [potion of mutation]
  9833 | D:10     | Lost mutation: Your flesh is heat resistant. (rF+) [potion
                  | of mutation]
  9833 | D:10     | Lost mutation: Your body sometimes deteriorates upon taking
                  | damage. [potion of mutation]
  9833 | D:10     | Gained mutation: You are occasionally teleported next to
                  | monsters. [potion of mutation]
  9833 | D:10     | Gained mutation: You expend magic power (3 MP) to
                  | strengthen your wands. [potion of mutation]
  9833 | D:10     | Gained mutation: Your spells are a little harder to cast,
                  | but a little more powerful. [potion of mutation]
  9860 | D:10     | Noticed Gastronok
  9875 | D:10     | Killed Gastronok
  9941 | D:10     | Found Uwitras's Antique Armour Boutique.
 10076 | D:11     | Found a sparkling altar of Nemelex Xobeh.
 10078 | D:11     | Identified the +0 leather armour "Gexzity" {Str+2}
 10219 | D:11     | Noticed a boulder beetle
 10258 | D:11     | Killed a boulder beetle
 10259 | D:11     | Reached XP level 12. HP: 68/104 MP: 11/11
 10376 | D:11     | Found a staircase to the Orcish Mines.
 10376 | D:11     | Noticed Fannar
 10480 | D:10     | Reached ***** piety under Trog
 10586 | D:10     | Reached skill level 14 in Axes
 10891 | D:11     | Noticed a boulder beetle
 10925 | D:11     | Killed a boulder beetle
 10944 | D:11     | Killed Fannar
 11545 | Lair:1   | Entered Level 1 of the Lair of Beasts
 11644 | Lair:1   | Reached skill level 10 in Fighting
 11654 | Lair:1   | Reached skill level 15 in Axes
 12223 | Lair:1   | Reached skill level 16 in Axes
 12779 | Lair:2   | Received a gift from Trog
 13096 | Lair:2   | Reached XP level 13. HP: 113/116 MP: 12/12
 13251 | Lair:2   | Found a hole to the Spider Nest.
 13354 | Lair:2   | Killed from afar by an electric eel

Illustrated notes

Levels and vault maps discovered:
D:1:      eino_arrival_water_star, layout_basic, minmay_tetromino_i2
D:2:      layout_rooms, basic_altar, uniq_jessica
D:3:      layout_loops_ring, hellmonk_overflow_destroyed_library
D:4:      layout_basic, pdpol_wu_jian_five_deadly_venoms,
          minmay_temple_entry_stoned_glass, grunt_tough_drop
D:5:      minmay_spotlight, layout_cave_pools, mainiacjoe_overflow_boulevard,
          ebering_ghost_sewer_f, kennysheep_generic_room_4, uniq_duvessa,
          uniq_pikel
D:6:      layout_rooms, elyvilon_altar_5, uniq_eustachio
D:7:      layout_gridville, nicolae_overflow_hidden_temple
D:8:      layout_rooms, old_standard_altar, nicolae_uskayaw_en_pointe,
          minmay_puff, uniq_maurice, uniq_maggie, uniq_erica
D:9:      layout_grid_maze, lair_entry_dummy, kennysheep_doodads,
          minivault_25_ag, evilmike_butchery, uniq_jeremiah, uniq_harold
D:10:     layout_loops_ring, vehumet_altar_wand_db, grunt_nemelex_the_gamble,
          lemuel_doored_altar, mainiacjoe_overflow_concentric_impassable,
          enter_trove_2, serial_shops, nicolae_take_the_stairs,
          nicolae_neqoxec_dot_bat, uniq_gastronok
D:11:     layout_rooms, erik_orc_1, nemelex_xobeh_ov_fountains_minmay,
          uniq_fannar
D:12:     layout_loops_ring, serial_shops, nicolae_shop_scrapyard,
          kennysheep_little_box, st_stairs_8, tgw_xom, uniq_rupert
Lair:1:   layout_chaotic_city, serial_bayou_lagoon_b
Lair:2:   layout_loops_ring, spider_nest_entry_web_field, disabler_island

Skill      XL: |  1  2  3  4  5  6  7  8  9 10 11 12 |
---------------+-------------------------------------+-----
Axes           | 4 5 6 7 8 9 10 11 13 16 | 16.0
Fighting       | 4 5 6 7 9 11 | 11.4
Armour         | 6 10 11 | 11.4
Dodging        | 6 7 |  7.3
Shields        | 7 9 |  9.5
Throwing       | 6 7 |  7.0

Action                     |  1- 3 |  4- 6 |  7- 9 | 10-12 | 13-15 || total
---------------------------+-------+-------+-------+-------+-------++-------
  Melee: Hand axe          |    64 |   125 |   168 |       |       ||   357
         Headbutt          |     8 |    19 |    36 |   107 |     4 ||   174
         Punch             |       |     1 |     1 |     1 |       ||     3
         War axe           |       |       |    54 |   591 |    17 ||   662
  Throw: Dart              |       |       |       |     3 |       ||     3
 Invoke: Berserk           |       |     2 |     6 |    11 |       ||    19
         Trog's Hand       |       |       |       |     2 |     1 ||     3
  Evoke: Wand              |       |       |       |     1 |       ||     1
    Use: Scroll            |       |       |       |    17 |     2 ||    19
         Potion            |       |       |       |     5 |       ||     5
   Stab: Held in net/web   |       |       |       |     1 |       ||     1
 Armour: Animal skin       |    38 |    32 |       |       |       ||    70
         Chain mail        |       |    45 |   174 |   302 |    24 ||   545
  Dodge: Dodged            |    44 |    55 |    82 |   169 |     1 ||   351
  Block: Kite shield       |       |       |       |   421 |     6 ||   427
         Other             |       |       |       |     7 |       ||     7
         Reflection        |       |       |       |    23 |       ||    23
